 Dungeon Crawl Stone Soup version 0.24.1-11-gbbbb2193e6 (webtiles) character file.

Game seed: 797342900523796185, levelgen mode: deterministic

217 Peloso the Skirmisher (level 5, -9/42 HPs)
             Began as a Demonspawn Fighter on May 15, 2020.
             Splashed by Ijyb's acid (15 damage)
             ... on level 3 of the Dungeon.
             The game lasted 00:05:28 (1710 turns).

Peloso the Skirmisher (Demonspawn Fighter)          Turns: 1710, Time: 00:05:28

Health: -9/42      AC: 11    Str: 17    XL:     5   Next: 61%
Magic:  5/5        EV:  5    Int: 10    God:
Gold:   145        SH:  9    Dex: 12    Spells: 4/4 levels left

rFire    . . .     SeeInvis .   a - +0 long sword
rCold    . . .     Gourm    .   c - +0 shield
rNeg     . . .     Faith    .   o - +0 chain mail
rPois    .         Spirit   .   (no helmet)
rElec    .         Reflect  .   (no cloak)
rCorr    .         Harm     .   (no gloves)
MR       .....                  (no boots)
Stlth    ..........             (no amulet)
HPRegen  0.14/turn              (no ring)
MPRegen  0.09/turn              (no ring)

@: hasted, very quick
A: claws 2, yellow scales 1, spiny 1
a: no special abilities


You were on level 3 of the Dungeon.
You were hungry.

You visited 1 branch of the dungeon, and saw 3 of its levels.

You collected 145 gold pieces.

Inventory:

Hand Weapons
 a - a +0 long sword (weapon)
 b - a +1 dagger of venom
Armour
 c - a +0 shield (worn)
 m - a +0 scale mail
 o - a +0 chain mail (worn)
Scrolls
 g - a scroll of teleportation {unknown}
 h - a scroll of remove curse {unknown}
 j - a scroll of identify {unknown}
 k - 2 scrolls of fog {unknown}
 l - 2 scrolls of blinking {unknown}
Potions
 d - a potion of might
 e - a potion of mutation {unknown}
 i - 2 potions of haste
 p - a potion of curing {unknown}
Comestibles
 f - 3 rations


   Skills:
 + Level 4.0 Fighting
 + Level 3.6 Long Blades
 + Level 3.3 Armour
 + Level 0.7 Dodging
 + Level 0.3 Stealth
 + Level 3.3 Shields


You had 4 spell levels left.
You didn't know any spells.
Your spell library was empty.

Dungeon Overview and Level Annotations

Branches:
Dungeon (3/15)

Altars:
Makhleb
Qazlal
Vehumet

Annotations:
D:3 Ijyb


Innate Abilities, Weirdness & Mutations

You have very sharp fingernails.
You are partially covered in yellow scales. (AC +2)
You are partially covered in sharp spines.


Message History

Found 7 gold pieces.
Your chain mail prevents you from hitting the worm.
The worm is struck by your spines. The worm bites you but does no damage.
You slash the worm!
You kill the worm!
You see here a worm corpse.
You now have 139 gold pieces (gained 7).
You now have 145 gold pieces (gained 6).
Ijyb the Twisted Goblin comes into view.
She is wielding a +0 club and carrying a wand of acid (11).
Ijyb moves out of view.
A leopard gecko comes into view.
The leopard gecko hisses angrily.
A rat comes into view.
Ijyb zaps a wand.
The bolt of acid hits you!
You are splashed with acid!
Ijyb zaps a wand.
The bolt of acid hits you!
You are splashed with acid!
* * * LOW HITPOINT WARNING * * *
You feel yourself speed up.
Ijyb zaps a wand.
The bolt of acid hits you but does no damage.
You are splashed with acid!
You die...

##### ##...## ##.....##
#.......# #
#.......############....
#.............@.........
#
##.....##########g######
# #.......##### ...
###...........### ...#
........†...#.... ...gl
###..........####.
...#.. #
##.............. .......
# #.....†....##..
.##..#. ####..........#


You could see Ijyb.

Vanquished Creatures
  A phantom (D:3)
  Jessica (D:3)
  3 adders
  2 worms (D:3)
  4 dart slugs
  A leopard gecko (D:3)
  An orc (D:3)
  A giant cockroach (D:2)
  10 hobgoblins
  3 jackals (D:3)
  A ball python (D:1)
  3 bats
  9 frilled lizards
  12 goblins
  5 kobolds
  5 rats
62 creatures vanquished.

Notes
Turn   | Place    | Note
-------+----------+-------------------------------------------
     0 | D:1      | Peloso the Demonspawn Fighter began the quest for the Orb.
     0 | D:1      | Reached XP level 1. HP: 18/18 MP: 1/1
   237 | D:1      | Gained mutation: You are partially covered in sharp spines.
                  | [demonic ancestry]
   237 | D:1      | Reached XP level 2. HP: 22/24 MP: 2/2
   626 | D:2      | Found a radiant altar of Vehumet.
   635 | D:2      | Found a burning altar of Makhleb.
   666 | D:2      | Gained mutation: You have sharp fingernails. [demonic
                  | ancestry]
   666 | D:2      | Reached XP level 3. HP: 29/29 MP: 3/3
  1053 | D:2      | Found a stormy altar of Qazlal.
  1194 | D:3      | Noticed Jessica
  1209 | D:2      | Gained mutation: You have very sharp fingernails. [demonic
                  | ancestry]
  1209 | D:2      | Reached XP level 4. HP: 33/36 MP: 4/4
  1217 | D:3      | Killed Jessica
  1291 | D:3      | Noticed a phantom
  1346 | D:3      | Killed a phantom
  1346 | D:3      | Gained mutation: You are partially covered in yellow
                  | scales. (AC +2) [demonic ancestry]
  1346 | D:3      | Reached XP level 5. HP: 8/42 MP: 5/5
  1618 | D:3      | Reached skill level 4 in Fighting
  1702 | D:3      | Noticed Ijyb
  1710 | D:3      | Splashed by Ijyb's acid

Levels and vault maps discovered:
D:1:      nzn_arrival_crosshair, layout_basic
D:2:      layout_rooms, amethyst_overflow_temple_binary, grunt_qazlal_clouds
D:3:      layout_rooms, kennysheep_generic_room_2, uniq_ijyb, uniq_jessica

Skill      XL: |  1  2  3  4  5 |
---------------+----------------+-----
Long Blades    | 2 3 |  3.6
Armour         | 3 |  3.3
Shields        | 3 |  3.3
Fighting       | 4 |  4.0
Dodging        | |  0.7
Stealth        | |  0.3

Action                   |  1- 3 |  4- 6 || total
-------------------------+-------+-------++-------
Melee: Long sword        |    95 |    49 ||   144
  Use: Potion            |     1 |     1 ||     2
  Eat: Chunk             |       |     2 ||     2
Armor: Scale mail        |    26 |     2 ||    28
       Chain mail        |       |    13 ||    13
Dodge: Dodged            |    21 |     5 ||    26
Block: Shield            |    39 |    23 ||    62
       Rpst.: Long sword |    11 |     3 ||    14
